 Dungeon Crawl Stone Soup version 0.30.1-11-g7821555f0a (webtiles) character file.

Game seed: 7178421292993325699

368 LSt the Chopper (level 6, -2/50 (56) HPs)
             Began as a Minotaur Fighter on Dec 14, 2023.
             Slain by a wight
             ... wielding a +0 hand axe
              (5 damage)
             ... on level 4 of the Dungeon on Dec 17, 2023.
             The game lasted 00:09:35 (2671 turns).

LSt the Chopper (Minotaur Fighter)                  Turns: 2671, Time: 00:09:36

HP:   -2/50 (56)    AC:  8    Str: 23    XL:     6   Next: 41%
MP:   0/5           EV:  9    Int:  5    God:
Gold: 231           SH:  4    Dex:  9    Spells: 5/5 levels left

rFire   . . .        a - +0 war axe
rCold   . . .        c - +0 buckler
rNeg    . . .        b - +0 scale mail
rPois   .            (helmet restricted)
rElec   .            (no cloak)
rCorr   .            p - +0 pair of gloves
SInv    .            (no boots)
Will    .....        (no amulet) Stlth
                     (no ring)
HPRegen 0.28/turn    (no ring)
MPRegen 0.09/turn

%: no passive effects
@: heavily drained
A: horns 2, retaliatory headbutt
a: no special abilities


You were on level 4 of the Dungeon.
You visited 1 branch of the dungeon, and saw 4 of its levels.

You collected 231 gold pieces.

Inventory:

Hand Weapons
 a - a +0 war axe (weapon)
 r - a +0 morningstar
Missiles
 h - 49 stones (quivered)
 i - 5 poisoned darts
 q - a throwing net
Armour
 b - a +0 scale mail (worn)
 c - a +0 buckler (worn)
 p - a +0 pair of gloves (worn)
Scrolls
 e - 2 scrolls of identify {unknown}
 f - a scroll of teleportation {unknown}
 g - 3 scrolls of amnesia {unknown}
 m - a scroll of brand weapon {unknown}
 n - a scroll of immolation {unknown}
 o - a scroll of blinking {unknown}
Potions
 d - 4 potions of might
 j - 2 potions of flight {unknown}
 k - 3 potions of curing {unknown}
 l - 2 potions of haste {unknown}
 s - a potion of magic {unknown}


   Skills:
 - Level 5.0 Fighting
 + Level 7.6 Axes
 - Level 3.6 Armour
 - Level 3.6 Shields


You had 5 spell levels left.
You didn't know any spells.
Your spell library contained the following spells:

 Spells                   Type           Power      Damage    Failure   Level
 Lesser Beckoning         Tloc           0%         N/A       94%         2
 Poisonous Vapours        Pois/Air       0%         N/A       94%         2
 Gell's Gravitas          Tloc           0%         N/A       99%         3
 Mephitic Cloud           Conj/Pois/Air  0%         N/A       99%         3
 Teleport Other           Tloc           0%         N/A       99%         3
 Freezing Cloud           Conj/Ice/Air   0%         6-21      100%        5


Dungeon Overview and Level Annotations

Branches:
Dungeon (4/15)
 Temple: D:4-7

Altars:
Ashenzari
Qazlal

Shops:
D:1 *


Innate Abilities, Weirdness & Mutations

You have a pair of horns on your head.
You reflexively headbutt those who attack you in melee.


Message History

The wight hits you but does no damage. The wight closely misses you.
You block the wight's attack.
You hit the wight.
The wight is moderately damaged.
You hit the wight.
The wight hits you with a +5 falchion of freezing.
The wight freezes you. The wight barely misses you.
You barely miss the wight.
The wight is moderately damaged.
You hit the wight. The wight completely misses you. You furiously retaliate!
You headbutt the wight. You barely miss the wight.
You hit the wight but do no damage. You closely miss the wight.
The wight hits you with a +5 falchion of freezing.
The wight freezes you. The wight hits you but does no damage.
The wight barely misses you. You furiously retaliate!
You headbutt the wight. You slash the wight!
You destroy the wight!
You slash the wight! You completely miss the wight.
The wight closely misses you. You furiously retaliate!
You headbutt the wight. You block the wight's attack.
You barely miss the wight.
You headbutt the wight, but do no damage.
The wight is heavily damaged.
You hit the wight. You barely miss the wight.
The wight hits you but does no damage. The wight hits you with a +0 war axe!
You feel drained.
The wight hits you with a +2 antimagic war axe!
You feel drained.
You feel your power leaking away. The wight hits you but does no damage.
The wight closely misses you.
The wight hits you with a +2 antimagic war axe!
* * * LOW HITPOINT WARNING * * *
You feel drained.
* * * LOW HITPOINT WARNING * * *
You closely miss the wight.
The wight is heavily damaged.
You barely miss the wight. You completely miss the wight.
The wight hits you with a +0 hand axe.
You die...

. ### .. ##.## #### ...
#...####..#### ....
##.#.#........#
.....#..#...........
.................# .#
......#<##@z.....# ...#
......†###zz.....#..##
#......##.?..........#
................##.....
#......................
##................##...
..................# ..
.................## #
........#....


You could see 3 wights.

Vanquished Creatures
  2 wights (D:4)
  Jessica (D:2)
  Natasha (D:3)
  Robin (D:3)
  8 adders
  4 gnolls (D:3)
  2 worms
  4 dart slugs
  5 orcs (D:3)
  3 endoplasms
  A giant cockroach (D:2)
  18 goblins
  6 hobgoblins
  4 jackals (D:2)
  2 kobolds
  5 quokkas
  4 ball pythons
  5 bats
  3 frilled lizards
  2 rats (D:2)
81 creatures vanquished.

Notes
Turn   | Place    | Note
-------+----------+-------------------------------------------
     0 | D:1      | LSt the Minotaur Fighter began the quest for the Orb.
     0 | D:1      | Reached XP level 1. HP: 19/19 MP: 0/0
   119 | D:1      | Found Heint's Assorted Antiques.
   128 | D:1      | Reached skill level 3 in Axes
   354 | D:1      | Reached XP level 2. HP: 21/26 MP: 1/1
   816 | D:2      | Reached skill level 4 in Axes
   874 | D:2      | Reached XP level 3. HP: 22/31 MP: 2/2
  1064 | D:2      | Reached skill level 5 in Axes
  1139 | D:2      | Reached XP level 4. HP: 37/40 MP: 3/3
  1283 | D:2      | Noticed Jessica
  1307 | D:2      | Killed Jessica
  1513 | D:3      | Reached XP level 5. HP: 39/47 MP: 4/4
  1695 | D:3      | Found a faded altar of an unknown god.
  1700 | D:3      | Found a broken altar of Ashenzari.
  1731 | D:3      | Reached skill level 6 in Axes
  1869 | D:3      | Noticed Robin
  1893 | D:3      | Reached skill level 5 in Fighting
  1898 | D:3      | Killed Robin
  2079 | D:3      | Noticed Natasha
  2095 | D:3      | Killed Natasha
  2373 | D:3      | Found a stormy altar of Qazlal.
  2647 | D:4      | Reached XP level 6. HP: 56/56 MP: 5/5
  2665 | D:4      | Reached skill level 7 in Axes
  2671 | D:4      | Slain by a wight

Illustrated notes

Levels and vault maps discovered:
D:1:      minmay_arrival_four_houses, layout_loops_ring, serial_shops,
          nicolae_shop_tiny_glass, kennysheep_pointless_box
D:2:      layout_rooms, amcnicky_mini_corridor_feature, uniq_jessica
D:3:      layout_basic, nicolae_overflow_ecumenical_swirl,
          mainiacjoe_overflow_catwalk, guppyfry_early_orc_mine, uniq_natasha,
          uniq_robin
D:4:      layout_cave_pools, mainiacjoe_overflow_concentric_impassable,
          minmay_temple_entry_glassed_door

Skill      XL: |  1  2  3  4  5  6 |
---------------+-------------------+-----
Axes           | 3 4 5 6 7 |  7.6
Fighting       | 4 5 |  5.0
Armour         | |  3.6
Shields        | |  3.6

Action                     |  1- 3 |  4- 6 || total
---------------------------+-------+-------++-------
  Melee: War axe           |    53 |   130 ||   183
         Headbutt          |     4 |    15 ||    19
 Armour: Scale mail        |    15 |    51 ||    66
  Dodge: Dodged            |    21 |    43 ||    64
  Block: Buckler           |    14 |    30 ||    44
